 Dungeon Crawl Stone Soup version 0.28-a0-1613-gdaab1c2f9b (webtiles) character file.

Game seed: 6368490064541366969

100 murtidash the Magician (level 5, -1/35 HPs)
             Began as a Djinni Ice Elementalist on Jan 21, 2022.
             Killed by nerve-wracking pain
             ... invoked by Grinder
              (6 damage)
             ... while paralysed by Grinder
             ... on level 3 of the Dungeon.
             The game lasted 00:03:55 (2977 turns).

murtidash the Magician (Djinni Ice Elementalist)    Turns: 2977, Time: 00:03:56

Health: -1/35      AC:  9    Str:  7    XL:     5   Next: 3%
Gold:   66         EV:  2    Int: 19    God:
                   SH:  0    Dex: 13

rFire   + + .      SeeInvis .   (no weapon)
rCold   x . .      Faith    .   (no shield)
rNeg    . . .      Spirit   .   a - +0 robe
rPois   ∞          Reflect  .   n - +0 helmet
rElec   .          Harm     .   i - scarf {shadows}
rCorr   .          Rampage  .   (no gloves)
Will    .....                   (boots unavailable)
Stlth   ++........              (no amulet)
HPRegen 0.11/turn               (no ring)
MPRegen 0.00/turn               (no ring)

@: paralysed, ice-armoured, freezing walls, flying
A: sickness immunity, fire resistance 2, cold vulnerability 1, float, innate
caster, hp casting, extra vitality 1
a: no special abilities


You were on level 3 of the Dungeon.
You visited 1 branch of the dungeon, and saw 3 of its levels.

You collected 66 gold pieces.

Inventory:

Armour
 a - a +0 robe (worn)
 i - a scarf of shadows (worn)
   (You found it on level 2 of the Dungeon)
 n - a +0 helmet (worn)
   (You took it off Robin on level 3 of the Dungeon)
Scrolls
 b - a scroll of fog {unknown}
 c - a scroll of enchant weapon {unknown}
 e - a scroll of enchant armour {unknown}
 f - 2 scrolls of teleportation {unknown}
 g - a scroll of vulnerability {unknown}
 k - a scroll of fear {unknown}
Potions
 d - a potion of mutation {unknown}
 h - 2 potions of heal wounds {unknown}
 j - a potion of attraction {unknown}
 l - 2 potions of curing {unknown}
 m - a potion of flight {unknown}


   Skills:
 - Level 2.1 Dodging
 - Level 1.5 Stealth
 + Level 4.7 Spellcasting


You couldn't memorise any spells.
You knew the following spells:

 Your Spells              Type           Power      Damage    Failure   Level
a - Freeze                Ice            88%        1d10      1%          1
b - Frozen Ramparts       Ice            44%        1d6       5%          3
c - Poisonous Vapours     Pois/Air       44%        N/A       2%          2
A - Ozocubu's Armour      Ice            22%        N/A       5%          3
U - Summon Small Mammal   Summ           88%        N/A       1%          1
X - Hailstorm             Conj/Ice       22%        3d7       19%         4
Your spell library was empty.

Dungeon Overview and Level Annotations

Branches:
Dungeon (3/15)

Altars:

Annotations:
D:3 Grinder


Innate Abilities, Weirdness & Mutations

You are immune to sickness and miasma.
You are immune to poison.
Your flesh is very heat resistant. (rF++)
You are vulnerable to cold. (rC-)
You float through the air rather than walking.
You learn spells naturally, not from books.
Your magical power is your life essence.
You have superior vitality. (+4 MHP)


Message History

The wall freezes the goblin.
Aim: a goblin, wielding a +0 club (severely wounded)
You freeze the goblin.
You kill the goblin!
You take 1 damage, and have 18/35 hp.
You can't see any susceptible monsters within range! (Use Z to cast anyway.)
You can't see any susceptible monsters within range! (Use Z to cast anyway.)
The frozen ramparts melt away.
n - a +0 helmet
Items here: )) [ ††.
Health restored: 35 You can't see any susceptible monsters within range! (Use Z to cast anyway.) Unknown command.
Unknown command.
A goblin comes into view. It is wielding a +0 dagger.
The goblin shouts!
The goblin moves out of view.
A goblin is nearby!
Aim: a goblin, wielding a +0 dagger Poisonous vapours surround the goblin!
The goblin is poisoned.
You take 2 damage, and have 33/35 hp.
Aim: a goblin, wielding a +0 dagger (very poisoned) Poisonous vapours surround the goblin!
The goblin looks even sicker.
You kill the goblin!
You take 2 damage, and have 31/35 hp.
Things that are here:
a +0 dagger; a goblin corpse; Health restored: 35 Adjust (i)tems, (s)pells, or (a)bilities?
Adjust which spell?
Z - Poisonous Vapours Adjust to which letter? c - Poisonous Vapours Grinder comes into view.
You don't know that spell.
You can't see any susceptible monsters within range! (Use Z to cast anyway.) Unknown command.
You can't see any susceptible monsters within range! (Use Z to cast anyway.)
Here: Grinder (asleep)
The floor.
Unknown command.
You aren't carrying any items that you can evoke.
Unknown command.
Unknown command.
You aren't carrying any items that you can evoke.
You start putting on your armour.
You continue putting on your +0 helmet. x4
You finish putting on your +0 helmet.
Unknown command.
Okay, then.
Unknown command.
Really fly into a travel-excluded area?
What are your orders? t - Shout!
Orders for allies: a - Attack new target. r - Retreat! s - Stop attacking. g - Guard the area. f - Follow me.
Anything else - Cancel.
You shout for attention!
Grinder shouts!
You hear a shout!
A film of ice covers your body!
You take 3 damage, and have 32/35 hp.
Okay, then.
Unknown command.
Unknown command.
Your icy armour will break if you move.
Continue?
Your icy armour cracks and falls away as you move.
Grinder gestures at you. You resist with significant effort.
A film of ice covers your body!
You take 3 damage, and have 30/35 hp.
The walls around you are covered in ice.
Grinder resists.
The wall freezes Grinder.
You take 3 damage, and have 27/35 hp.
Aim: Grinder You freeze Grinder.
Grinder resists.
Grinder completely resists.
The wall freezes Grinder but does no damage.
Grinder hits you.
You writhe in agony.
You take 11 damage, and have 16/35 hp.
MASSIVE DAMAGE!!
Aim: Grinder (lightly wounded)
You freeze Grinder.
Grinder resists.
Grinder completely resists.
The wall freezes Grinder but does no damage.
Grinder barely misses you.
You take 1 damage, and have 15/35 hp.
Aim: Grinder (lightly wounded)
You freeze Grinder.
Grinder resists. x2; The wall freezes Grinder.
Grinder gestures at you.
You suddenly lose the ability to move!
Grinder completely resists.
The wall freezes Grinder but does no damage.
Grinder hits you.
* * * LOW HITPOINT WARNING * * *
You writhe in agony.
* * * LOW HITPOINT WARNING * * *
Grinder completely resists.
The wall freezes Grinder but does no damage.
Grinder gestures at you. You resist with significant effort.
Grinder completely resists.
The wall freezes Grinder but does no damage.
Grinder gestures at you. Pain shoots through your body!
You die...

............# ##........#.#
.........##.# ##.......##.#
#.......## ##.......##.######
+......... .........##......#
#...5...# ###......##......#
.......# ..........#......#
......## #.####...##.....@#
#.......
...###...##.....5######.......
....##...##..........5........
....##...##############.......
..........†<.# #.......
....##......†# ########
...###.......# #+## #...#####
#####


You could see Grinder.

Vanquished Creatures
  Robin (D:3)
  3 adders (D:2)
  A worm (D:2)
  A dart slug (D:1)
  3 ball pythons
  4 bats
  2 endoplasms (D:2)
  5 giant cockroaches
  12 goblins
  6 hobgoblins
  4 jackals
  2 kobolds
  A quokka (D:3)
  3 frilled lizards
  A rat (D:1)
49 creatures vanquished.

Notes
Turn   | Place    | Note
-------+----------+-------------------------------------------
     0 | D:1      | murtidash the Djinni Ice Elementalist began the quest for
                  | the Orb.
     0 | D:1      | Reached XP level 1. HP: 15/15 MP: 0/0
   281 | D:1      | Reached XP level 2. HP: 15/21 MP: 0/0
   752 | D:1      | Found a faded altar of an unknown god.
  1056 | D:2      | Reached XP level 3. HP: 21/25 MP: 0/0
  1056 | D:2      | Learned a level 1 spell: Summon Small Mammal
  1126 | D:2      | Reached skill level 4 in Spellcasting
  1544 | D:2      | Reached XP level 4. HP: 29/31 MP: 0/0
  2672 | D:3      | Noticed Robin
  2704 | D:3      | Killed Robin
  2705 | D:3      | Reached XP level 5. HP: 19/35 MP: 0/0
  2705 | D:3      | Learned a level 2 spell: Poisonous Vapours
  2948 | D:3      | Noticed Grinder
  2974 | D:3      | Paralysed by Grinder for 6 turns
  2975 | D:3      | HP: 5/35 [Grinder (5)]
  2977 | D:3      | Killed from afar by Grinder

Illustrated notes

Levels and vault maps discovered:
D:1:      minmay_arrival_cross, layout_basic, dreamdust_ecumenical_altar_grove,
          minmay_misc_feat_roman
D:2:      layout_basic, kennysheep_generic_room_10
D:3:      layout_basic, mainiacjoe_overflow_concentric_impassable,
          minmay_quadrilaterals, uniq_robin, uniq_grinder

Skill      XL: |  1  2  3 |
---------------+----------+-----
Spellcasting   | 4 |  4.7
Dodging        | |  2.1
Stealth        | |  1.5

Action                   |  1- 3 |  4- 6 || total
-------------------------+-------+-------++-------
Melee: Unarmed           |     9 |     4 ||    13
       Punch             |     1 |       ||     1
 Cast: Freeze            |    33 |    34 ||    67
       Frozen Ramparts   |       |     5 ||     5
       Ozocubu's Armour  |       |     2 ||     2
       Poisonous Vapours |       |     2 ||     2
 Stab: Sleeping          |     1 |       ||     1
Armor: Robe              |     7 |     9 ||    16
Dodge: Dodged            |    17 |    22 ||    39

Table legend: (Time is in decaauts)
 A = Elapsed time spent in this place.
 B = Non-inter-level travel time spent in this place.
 C = Inter-level travel time spent in this place.
 D = Time resting spent in this place.
 E = Time spent auto-exploring this place.
 F = Levels seen in this place.
 G = Mean time per level.
                   A        B        C        D        E       F      G
               +--------+--------+--------+--------+--------+-----+--------+
         Total |   2978 |   2860 |    118 |    140 |   2392 |   3 |  992.7 |
       Dungeon |   2978 |   2860 |    118 |    140 |   2392 |   3 |  992.7 |
               +--------+--------+--------+--------+--------+-----+--------+

Top non-repeatable levels by time:
     D:2: 1462 daAuts
     D:1: 966 daAuts
     D:3: 549 daAuts

Table legend:
 A = Kills in this place as a percentage of kills in entire the game.
 B = Kills by you in this place as a percentage of kills by you in the entire game.
 C = Kills by friends in this place as a percentage of kills by friends in the entire game.
 D = Other kills in this place as a percentage of other kills in the entire game.
 E = Experience gained in this place as a percentage of experience gained in the entire game.
 F = Experience gained in this place divided by the number of levels of this place that you have seen.
                   A       B       C       D       E      F
               +-------+-------+-------+-------+-------+----------------------
         Total | 100.0 | 100.0 |   N/A |   N/A | 100.0 |  47.7
       Dungeon | 100.0 | 100.0 |   N/A |   N/A | 100.0 |  47.7
               +-------+-------+-------+-------+-------+----------------------
